Seattle Thunderbirds vs Binghampton Senators

Created - 1 décembre 2017 at 06:44

Goals
1 2 3 T
Seattle Thunderbirds 1 6 0 7
Binghampton Senators 0 3 1 4
Shots
1 2 3 T
Seattle Thunderbirds 5 25 1 31
Binghampton Senators 4 21 17 42

1st period

1. Seattle Thunderbirds , Matej Stransky 14 (Bracken Kearns 22) at 5:04 (PP)

Penalties :
Anthony Greco (SEN) for Hooking (Minor) at 4:48, T.J. Tynan (THU) for High sticking (Minor) at 17:04

2nd period

2. Seattle Thunderbirds , Bracken Kearns 17 (Stefan Noesen 8, Matej Stransky 15) at 0:30 (PP)
3. Binghampton Senators , Brendan Leipsic 11 (Josh Leivo 8) at 0:40
4. Seattle Thunderbirds , Matej Stransky 15 (Stefan Noesen 9, Bracken Kearns 23) at 2:57 (PP)
5. Seattle Thunderbirds , Devin Setoguchi 16 (Jamie McBain 19) at 3:28
6. Binghampton Senators , Joel Eriksson Ek 2 (Lucas Wallmark 23, Jared McCann 16) at 14:02 (PP)
7. Seattle Thunderbirds , Stefan Noesen 12 (Bracken Kearns 24, Yannick Weber 9) at 14:58
8. Seattle Thunderbirds , Brett Sutter 11 (Devin Setoguchi 20, Jamie McBain 20) at 15:31
9. Binghampton Senators , Colin McDonald 16 (Josh Leivo 9, Brendan Leipsic 12) at 16:27 (PP)
10. Seattle Thunderbirds , T.J. Tynan 3 (Roman Lyubimov 10, Andrew Campbell 6) at 19:35

Penalties :
Steve Oleksy (SEN) for Interference (Minor) at 0:17, Ryan Graves (SEN) for Hooking (Minor) at 2:33, Sean Backman (THU) for Interference (Minor) at 5:56, Jacob MacDonald (THU) for Hooking (Minor) at 12:12, Andrew Campbell (THU) for Tripping (Minor) at 16:22, Haydn Fleury (SEN) for Fighting (Major) at 19:36, Sean Backman (THU) for Fighting (Major) at 19:36

3rd period

11. Binghampton Senators , Colin McDonald 17 (Josh Leivo 10, Brendan Leipsic 13) at 8:24 (PP)

Penalties :
Jordan Schmaltz (SEN) for Fighting (Major) at 0:22, Brett Sutter (THU) for Fighting (Major) at 0:22, Brett Sutter (THU) for instigated a fight (Minor) at 0:22, Brett Sutter (THU) for instigated a fight (10 Minutes Misconduct) at 0:22, Yannick Weber (THU) for Hooking (Minor) at 8:19, David Musil (THU) for Hooking (Minor) at 13:34

Goalie Stats

John Muse (THU), 38 saves from 42 shots - (0,905), W, 7-4-2, 60:00 minutes
Stephon Williams (SEN), 14 saves from 18 shots - (0,778), 23:28 minutes
Jon Gillies (SEN), 10 saves from 13 shots - (0,769), L, 9-10-4, 36:32 minutes

Players Stats for Seattle Thunderbirds

Player Name              G  A  P  +/- PIM S  H  SB GA TA FO     MP     PP MP  PK MP  
------------------------------------------------------------------------------------
Andrew Campbell          0  1  1   1  2   3  1  1  0  2  0/0    24:51   0:37   5:57 
Bracken Kearns           1  3  4   0  0   2  2  0  1  1  14/34  27:47   0:53   4:53 
Brett Sutter             1  0  1   2  17  2  3  0  1  0  5/11   13:54   0:00   1:06 
Colin Smith              0  0  0   0  0   0  0  1  0  0  0/7    11:54   0:00   0:00 
David Musil              0  0  0   0  2   0  0  0  0  0  0/0     7:02   0:00   0:00 
Devin Setoguchi          1  1  2   2  0   3  0  1  0  1  0/0    19:17   0:00   2:41 
Jacob MacDonald          0  0  0   0  2   0  0  0  0  1  0/0     9:08   0:00   0:00 
Jamie McBain             0  2  2   1  0   0  1  0  0  0  0/0    24:57   0:37   6:02 
Joey LaLeggia            0  0  0   2  0   0  1  0  0  0  0/0    19:02   0:16   3:54 
Matej Stransky           2  1  3   1  0   8  0  0  1  0  2/4    25:07   0:53   5:03 
Matt Tennyson            0  0  0   0  0   0  0  1  0  0  0/0     9:14   0:00   0:05 
Pat Cannone              0  0  0   0  0   3  1  0  0  1  0/0    13:45   0:00   2:11 
Rob O'Gara               0  0  0   0  0   0  0  0  0  0  0/0     0:00   0:00   0:00 
Roman Lyubimov           0  1  1   1  0   1  0  1  1  0  1/2     9:57   0:00   0:18 
Rourke Chartier          0  0  0   0  0   1  0  0  0  0  0/0     6:02   0:00   0:00 
Sean Backman             0  0  0   2  7   0  0  0  0  0  0/0    15:48   0:00   0:11 
Stefan Noesen            1  2  3   0  0   4  0  2  1  0  0/4    17:04   0:53   3:29 
T.J. Tynan               1  0  1   1  2   3  0  0  0  1  0/0     9:14   0:00   0:00 
Vincent LoVerde          0  0  0   0  0   0  0  2  0  0  0/0     6:52   0:00   0:00 
Yannick Weber            0  1  1   2  2   1  2  0  0  2  0/0    19:01   0:16   3:54 

Players Stats for Binghampton Senators

Player Name              G  A  P  +/- PIM S  H  SB GA TA FO     MP     PP MP  PK MP  
------------------------------------------------------------------------------------
Anthony Greco            0  0  0  -2  2   1  0  0  0  0  0/0    12:46   0:00   0:00 
Brendan Leipsic          1  2  3   1  0   7  2  0  3  0  27/41  24:44   4:04   0:53 
Colin McDonald           2  0  2   1  0   2  2  1  0  0  1/2    20:36   4:30   0:53 
Drew Shore               0  0  0  -2  0   5  1  0  0  0  5/7    12:55   0:04   0:00 
Erik Gustafsson          0  0  0  -1  0   0  1  2  0  1  0/0    19:29   3:17   0:00 
Haydn Fleury             0  0  0  -1  5   2  1  2  1  0  0/0    26:10   5:25   0:53 
Jared McCann             0  1  1  -2  0   6  2  0  0  0  0/0    19:41   5:22   0:00 
Joel Eriksson Ek         1  0  1  -2  0   5  2  0  1  0  0/1    19:41   5:22   0:00 
Jordan Schmaltz          0  0  0  -1  5   0  0  0  0  1  0/0    11:15   0:00   0:00 
Josh Leivo               0  3  3   1  0   3  4  0  1  0  1/2    19:43   4:30   0:00 
Justin Kirkland          0  0  0  -2  0   2  1  0  0  0  0/0    12:47   0:00   0:00 
Lucas Wallmark           0  1  1  -2  0   4  3  1  1  1  6/9    19:41   5:22   0:00 
Michael Latta            0  0  0   0  0   0  0  0  0  0  0/0     3:27   0:34   0:00 
Ryan Graves              0  0  0  -1  2   1  1  1  0  1  0/0    21:24   3:46   0:00 
Sam Carrick              0  0  0   0  0   0  0  0  2  0  0/0     7:19   0:00   0:00 
Sergey Tolchinsky        0  0  0   0  0   0  0  0  0  0  0/0     6:48   0:00   0:00 
Steve Oleksy             0  0  0  -1  2   3  3  3  0  1  0/0    27:46   6:39   0:40 
Trevor Carrick           0  0  0  -1  0   1  0  0  0  0  0/0    12:50   0:45   0:13 

3 Stars

1 - Matej Stransky (THU)
2 - Bracken Kearns (THU)
3 - Stefan Noesen (THU)

Power Play

Seattle Thunderbirds - 3 on 3 Attempt(s) - 100,00%
Binghampton Senators - 3 on 7 Attempt(s) - 42,86%

Penalty Kill

Seattle Thunderbirds - 4 on 7 Attempt(s) - 57,14% - Score 0 goal in Penalty Kill
Binghampton Senators - 0 on 3 Attempt(s) - 0,00% - Score 0 goal in Penalty Kill

Team Stat

Seattle Thunderbirds - Hits : 11 - Faceoff Wins : 22 - Blocked Shots : 9 - Penalty Minutes : 34
Binghampton Senators - Hits : 23 - Faceoff Wins : 40 - Blocked Shots : 10 - Penalty Minutes : 16

Official

Referees : Brian Pochmara and Brad Meier
Linesman : David Brisebois and Derek Amell

Game Notes

Jon Gillies enters game at 3:28 of 2nd period
Haydn Fleury and Sean Backman fight to a draw at 19:36 of 2nd period
Brett Sutter beats up Jordan Schmaltz at 0:22 of 3rd period

Finance

Level 1 -- Attendance: 1402 (70,10%) -- Ticket Income 49 070 $
Level 2 -- Attendance: 726 (72,60%) -- Ticket Income 10 890 $
Total Attendance: 2128 (70,93%)
Total Ticket Income: 59 960 $
Other Income: 29 380 $
Total Income: 89 340 $

Seattle Thunderbirds

5 vs 5 Forward 
   Center                   Left Wing                Right Wing               Time % Phy DF OF 
 1 Bracken Kearns           Stefan Noesen            Matej Stransky           40     1   2  2  
 2 Brett Sutter             Sean Backman             Devin Setoguchi          30     1   2  2  
 3 Colin Smith              Bracken Kearns           Pat Cannone              20     1   2  2  
 4 Roman Lyubimov           Matej Stransky           T.J. Tynan               10     1   2  2  

5 vs 5 Defense 
   Defense                  Defense                                           Time % Phy DF OF 
 1 Jamie McBain             Andrew Campbell                                   40     1   2  2  
 2 Yannick Weber            Joey LaLeggia                                     30     1   2  2  
 3 Matt Tennyson            Jacob MacDonald                                   20     1   2  2  
 4 Vincent LoVerde          David Musil                                       10     1   2  2  

PowerPlay Forward 
   Center                   Left Wing                Right Wing               Time % Phy DF OF 
 1 Bracken Kearns           Stefan Noesen            Matej Stransky           60     1   2  2  
 2 Brett Sutter             Sean Backman             Devin Setoguchi          40     1   2  2  

PowerPlay Defense
   Defense                  Defense                                           Time % Phy DF OF 
 1 Jamie McBain             Andrew Campbell                                   60     1   2  2  
 2 Yannick Weber            Joey LaLeggia                                     40     1   2  2  

Penalty Kill 4 Players Forward 
   Center                   Wing                     Time % Phy DF OF 
 1 Bracken Kearns           Matej Stransky           60     1   2  2  
 2 Devin Setoguchi          Stefan Noesen            40     1   2  2  

Penalty Kill 4 Players Defense
   Defense                  Defense                  Time % Phy DF OF 
 1 Jamie McBain             Andrew Campbell          60     1   2  2  
 2 Yannick Weber            Joey LaLeggia            40     1   2  2  

Penalty Kill - 3 Players Forward 
   Forward                                           Time % Phy DF OF 
 1 Bracken Kearns                                    60     1   2  2  
 2 Matej Stransky                                    40     1   2  2  

Penalty Kill - 3 Players Defense
   Defense                  Defense                  Time % Phy DF OF 
 1 Jamie McBain             Andrew Campbell          60     1   2  2  
 2 Yannick Weber            Joey LaLeggia            40     1   2  2  

4 vs 4 Forward 
   Center                   Wing                     Time % Phy DF OF 
 1 Bracken Kearns           Matej Stransky           60     1   2  2  
 2 Devin Setoguchi          Stefan Noesen            40     1   2  2  

4 vs 4 Defense
   Defense                  Defense                  Time % Phy DF OF 
 1 Jamie McBain             Andrew Campbell          60     1   2  2  
 2 Yannick Weber            Joey LaLeggia            40     1   2  2  

Last Minutes Offensive
   Center                   Left Wing                Right Wing               Defense                  Defense                  
   Bracken Kearns           Stefan Noesen            Matej Stransky           Jamie McBain             Andrew Campbell          

Last Minutes Defensive
   Center                   Left Wing                Right Wing               Defense                  Defense                  
   Bracken Kearns           Stefan Noesen            Matej Stransky           Jamie McBain             Andrew Campbell          

Goaltenders
Starting : John Muse                
Backup : Adin Hill                

Extra Forwards
Normal : Rourke Chartier, Colin Smith, Pat Cannone - PP : Rourke Chartier, Colin Smith - PK : Pat Cannone
Extra Defensemen
Normal : Rob O'Gara, Matt Tennyson, Jacob MacDonald - PP : Rob O'Gara - PK : Matt Tennyson, Jacob MacDonald
Penalty Shots
Bracken Kearns, Matej Stransky, Devin Setoguchi, Stefan Noesen, Yannick Weber

Scratches
Anthony Peluso (Healthy), Peter Mueller (Bruised Right Leg Injury), Alex Petan (Healthy)

Binghampton Senators

5 vs 5 Forward 
   Center                   Left Wing                Right Wing               Time % Phy DF OF 
 1 Brendan Leipsic          Josh Leivo               Colin McDonald           40     1   2  2  
 2 Lucas Wallmark           Joel Eriksson Ek         Jared McCann             30     1   2  2  
 3 Drew Shore               Justin Kirkland          Anthony Greco            20     1   2  2  
 4 Sam Carrick              Sergey Tolchinsky        Brendan Leipsic          10     1   2  2  

5 vs 5 Defense 
   Defense                  Defense                                           Time % Phy DF OF 
 1 Haydn Fleury             Steve Oleksy                                      40     1   2  2  
 2 Ryan Graves              Erik Gustafsson                                   30     1   2  2  
 3 Jordan Schmaltz          Trevor Carrick                                    20     1   2  2  
 4 Haydn Fleury             Steve Oleksy                                      10     1   2  2  

PowerPlay Forward 
   Center                   Left Wing                Right Wing               Time % Phy DF OF 
 1 Brendan Leipsic          Josh Leivo               Colin McDonald           60     1   2  2  
 2 Lucas Wallmark           Joel Eriksson Ek         Jared McCann             40     1   2  2  

PowerPlay Defense
   Defense                  Defense                                           Time % Phy DF OF 
 1 Haydn Fleury             Steve Oleksy                                      60     1   2  2  
 2 Ryan Graves              Erik Gustafsson                                   40     1   2  2  

Penalty Kill 4 Players Forward 
   Center                   Wing                     Time % Phy DF OF 
 1 Brendan Leipsic          Colin McDonald           60     1   2  2  
 2 Lucas Wallmark           Josh Leivo               40     1   2  2  

Penalty Kill 4 Players Defense
   Defense                  Defense                  Time % Phy DF OF 
 1 Haydn Fleury             Steve Oleksy             60     1   2  2  
 2 Ryan Graves              Erik Gustafsson          40     1   2  2  

Penalty Kill - 3 Players Forward 
   Forward                                           Time % Phy DF OF 
 1 Brendan Leipsic                                   60     1   2  2  
 2 Colin McDonald                                    40     1   2  2  

Penalty Kill - 3 Players Defense
   Defense                  Defense                  Time % Phy DF OF 
 1 Haydn Fleury             Steve Oleksy             60     1   2  2  
 2 Ryan Graves              Erik Gustafsson          40     1   2  2  

4 vs 4 Forward 
   Center                   Wing                     Time % Phy DF OF 
 1 Brendan Leipsic          Colin McDonald           60     1   2  2  
 2 Lucas Wallmark           Josh Leivo               40     1   2  2  

4 vs 4 Defense
   Defense                  Defense                  Time % Phy DF OF 
 1 Haydn Fleury             Steve Oleksy             60     1   2  2  
 2 Ryan Graves              Erik Gustafsson          40     1   2  2  

Last Minutes Offensive
   Center                   Left Wing                Right Wing               Defense                  Defense                  
   Brendan Leipsic          Josh Leivo               Colin McDonald           Haydn Fleury             Steve Oleksy             

Last Minutes Defensive
   Center                   Left Wing                Right Wing               Defense                  Defense                  
   Brendan Leipsic          Josh Leivo               Colin McDonald           Haydn Fleury             Steve Oleksy             

Goaltenders
Starting : Stephon Williams         
Backup : Jon Gillies              

Extra Forwards
Normal : Michael Latta, Drew Shore, Sam Carrick - PP : Michael Latta, Drew Shore - PK : Sam Carrick
Extra Defensemen
Normal : Jordan Schmaltz, Trevor Carrick, Ryan Graves - PP : Jordan Schmaltz - PK : Trevor Carrick, Ryan Graves
Penalty Shots
Brendan Leipsic, Colin McDonald, Lucas Wallmark, Josh Leivo, Joel Eriksson Ek

Scratches
Ty Rattie (Healthy), Jesse Graham (Healthy), Brett Findlay (Healthy), Ryan Culkin (Healthy), Cameron Darcy (Healthy)
Jimmy Lodge (Healthy), Patrick McNally (Healthy)

% Time on Ice - Seattle Thunderbirds

Lines # - Real PCT - Wanted PCT - Time Play
Normal Forward
1 - 25% - 40% - 12:25
2 - 33% - 30% - 16:28
3 - 23% - 20% - 11:14
4 - 18% - 10% - 9:04
Normal Defense
1 - 37% - 40% - 18:18
2 - 30% - 30% - 14:52
3 - 19% - 20% - 9:09
4 - 14% - 10% - 6:52
PP Forward
1 - 100% - 60% - 0:53
2 - 0% - 40% - 0:00
PP Defense
1 - 70% - 60% - 0:37
2 - 30% - 40% - 0:16
PK Forward
1 - 74% - 60% - 7:24
2 - 26% - 40% - 2:32
PK Defense
1 - 61% - 60% - 6:02
2 - 39% - 40% - 3:54
PK3 Forward
1 - 0% - 60%
2 - 0% - 40%
PK3 Defense
1 - 0% - 60%
2 - 0% - 40%
44 Forward
1 - 0% - 60%
2 - 0% - 40%
44 Defense
1 - 0% - 60%
2 - 0% - 40%
Last Minute Offensive  - 0:00
Last Minute Defensive  - 0:00
Total
Forward - 60:00
Defense - 60:00

% Time on Ice - Binghampton Senators

Lines # - Real PCT - Wanted PCT - Time Play
Normal Forward
1 - 31% - 40% - 15:17
2 - 29% - 30% - 14:19
3 - 26% - 20% - 12:47
4 - 14% - 10% - 6:48
Normal Defense
1 - 40% - 40% - 19:52
2 - 32% - 30% - 15:57
3 - 23% - 20% - 11:26
4 - 4% - 10% - 1:56
PP Forward
1 - 46% - 60% - 4:34
2 - 54% - 40% - 5:22
PP Defense
1 - 74% - 60% - 7:24
2 - 26% - 40% - 2:32
PK Forward
1 - 100% - 60% - 0:53
2 - 0% - 40% - 0:00
PK Defense
1 - 100% - 60% - 0:53
2 - 0% - 40% - 0:00
PK3 Forward
1 - 0% - 60%
2 - 0% - 40%
PK3 Defense
1 - 0% - 60%
2 - 0% - 40%
44 Forward
1 - 0% - 60%
2 - 0% - 40%
44 Defense
1 - 0% - 60%
2 - 0% - 40%
Last Minute Offensive  - 0:00
Last Minute Defensive  - 0:00
Total
Forward - 60:00
Defense - 60:00

Play by Play

1st period


0:01 of 1st period - Bracken Kearns wins face-off versus Brendan Leipsic in neutral zone.
0:05 of 1st period - Icing by Jamie McBain.
0:06 of 1st period - Brendan Leipsic wins face-off versus Stefan Noesen in Seattle Thunderbirds zone.
1:01 of 1st period - Wrist shot by Bracken Kearns.
1:01 of 1st period - Shot Misses the Net.
1:03 of 1st period - Wrist shot by Pat Cannone.
1:03 of 1st period - Stopped by Stephon Williams with a rebound.
1:35 of 1st period - Snap shot by Jared McCann.
1:35 of 1st period - Stopped by John Muse without a rebound.
1:36 of 1st period - Bracken Kearns wins face-off versus Joel Eriksson Ek in Seattle Thunderbirds zone.
2:36 of 1st period - Haydn Fleury is hit by Bracken Kearns and loses puck.
3:43 of 1st period - Pat Cannone is hit by Drew Shore and loses puck.
3:59 of 1st period - Off-side.
4:00 of 1st period - Brendan Leipsic wins face-off versus Brett Sutter in neutral zone.
4:19 of 1st period - Matej Stransky is hit by Lucas Wallmark and loses puck.
4:24 of 1st period - Snap shot by Jared McCann.
4:24 of 1st period - Shot Misses the Net.
4:48 of 1st period - Minor Penalty to Anthony Greco for Hooking.
4:49 of 1st period - Brendan Leipsic wins face-off versus Bracken Kearns in Binghampton Senators zone.
4:58 of 1st period - Wrist shot by Brendan Leipsic.
4:58 of 1st period - Stopped by John Muse without a rebound.
4:59 of 1st period - Bracken Kearns wins face-off versus Colin McDonald in Seattle Thunderbirds zone.
5:04 of 1st period - Snap shot by Bracken Kearns.
5:04 of 1st period - Deflect By Matej Stransky.
5:04 of 1st period - Goal by Matej Stransky - Seattle Thunderbirds : 1 - Binghampton Senators : 0.
5:05 of 1st period - Bracken Kearns wins face-off versus Brendan Leipsic in neutral zone.
5:12 of 1st period - Wrist shot by Bracken Kearns.
5:12 of 1st period - Shot Misses the Net.
5:53 of 1st period - Bracken Kearns is hit by Steve Oleksy and loses puck.
6:16 of 1st period - Slapshot by T.J. Tynan.
6:16 of 1st period - Shot Misses the Net.
8:09 of 1st period - Slapshot by T.J. Tynan.
8:09 of 1st period - Stopped by Stephon Williams with a rebound.
8:19 of 1st period - Wrist shot by Colin Smith.
8:19 of 1st period - Shot Blocked by Lucas Wallmark.
9:34 of 1st period - Rourke Chartier is hit by Josh Leivo and loses puck.
10:03 of 1st period - Roman Lyubimov is hit by Joel Eriksson Ek.
11:20 of 1st period - Slapshot by Jared McCann.
11:20 of 1st period - Stopped by John Muse with a rebound.
12:39 of 1st period - Sean Backman is hit by Haydn Fleury and loses puck.
12:54 of 1st period - Icing by Haydn Fleury.
12:55 of 1st period - Drew Shore wins face-off versus Colin Smith in Binghampton Senators zone.
14:00 of 1st period - Snap shot by Anthony Greco.
14:00 of 1st period - Shot Misses the Net.
14:12 of 1st period - Slapshot by Josh Leivo.
14:12 of 1st period - Deflect By Brendan Leipsic.
14:12 of 1st period - Shot Misses the Net.
14:12 of 1st period - Puck is out of play.
14:13 of 1st period - Brendan Leipsic wins face-off versus Colin Smith in Seattle Thunderbirds zone.
15:27 of 1st period - Josh Leivo is hit by Brett Sutter and loses puck.
16:01 of 1st period - Snap shot by Joel Eriksson Ek.
16:01 of 1st period - Stopped by John Muse with a rebound.
16:03 of 1st period - Wrist shot by Anthony Greco.
16:03 of 1st period - Shot Misses the Net.
16:05 of 1st period - Slapshot by Ryan Graves.
16:05 of 1st period - Shot Blocked by Vincent LoVerde.
16:31 of 1st period - Wrist shot by Roman Lyubimov.
16:31 of 1st period - Stopped by Stephon Williams with a rebound.
16:37 of 1st period - Rourke Chartier is hit by Lucas Wallmark.
16:55 of 1st period - T.J. Tynan is hit by Steve Oleksy and loses puck.
17:04 of 1st period - Minor Penalty to T.J. Tynan for High sticking.
17:05 of 1st period - Bracken Kearns wins face-off versus Brendan Leipsic in Seattle Thunderbirds zone.
17:12 of 1st period - Wrist shot by Matej Stransky.
17:12 of 1st period - Stopped by Stephon Williams with a rebound.
17:42 of 1st period - Snap shot by Lucas Wallmark.
17:42 of 1st period - Shot Blocked by Stefan Noesen.
17:44 of 1st period - Wrist shot by Joel Eriksson Ek.
17:44 of 1st period - Shot Blocked by Stefan Noesen.
18:10 of 1st period - Devin Setoguchi is hit by Brendan Leipsic and loses puck.
19:04 of 1st period - Penalty to T.J. Tynan is over, T.J. Tynan is back on ice.
Goals for this period are 1 for Seattle Thunderbirds vs 0 for Binghampton Senators.
Shots for this period are 5 for Seattle Thunderbirds vs 4 for Binghampton Senators.

2nd period


0:01 of 2nd period - Bracken Kearns wins face-off versus Brendan Leipsic in neutral zone.
0:08 of 2nd period - Snap shot by Matej Stransky.
0:08 of 2nd period - Stopped by Stephon Williams with a rebound.
0:10 of 2nd period - Slapshot by Andrew Campbell.
0:10 of 2nd period - Deflect By Colin McDonald.
0:10 of 2nd period - Stopped by Stephon Williams with a rebound.
0:12 of 2nd period - Slapshot by Andrew Campbell.
0:12 of 2nd period - Stopped by Stephon Williams with a rebound.
0:14 of 2nd period - Slapshot by Matej Stransky.
0:14 of 2nd period - Stopped by Stephon Williams without a rebound.
0:15 of 2nd period - Brendan Leipsic wins face-off versus Bracken Kearns in Binghampton Senators zone.
0:17 of 2nd period - Minor Penalty to Steve Oleksy for Interference.
0:18 of 2nd period - Brendan Leipsic wins face-off versus Matej Stransky in Binghampton Senators zone.
0:30 of 2nd period - Wrist shot by Bracken Kearns.
0:30 of 2nd period - Goal by Bracken Kearns - Seattle Thunderbirds : 2 - Binghampton Senators : 0.
0:31 of 2nd period - Brendan Leipsic wins face-off versus Bracken Kearns in neutral zone.
0:34 of 2nd period - Slapshot by Josh Leivo.
0:34 of 2nd period - Stopped by John Muse with a rebound.
0:40 of 2nd period - Snap shot by Brendan Leipsic.
0:40 of 2nd period - Goal by Brendan Leipsic - Seattle Thunderbirds : 2 - Binghampton Senators : 1.
0:41 of 2nd period - Josh Leivo wins face-off versus Bracken Kearns in neutral zone.
0:50 of 2nd period - Wrist shot by Matej Stransky.
0:50 of 2nd period - Stopped by Stephon Williams without a rebound.
0:51 of 2nd period - Brendan Leipsic wins face-off versus Bracken Kearns in Binghampton Senators zone.
1:06 of 2nd period - Backhand shot by Josh Leivo.
1:06 of 2nd period - Shot Misses the Net.
1:08 of 2nd period - Slapshot by Haydn Fleury.
1:08 of 2nd period - Stopped by John Muse with a rebound.
1:16 of 2nd period - Slapshot by Josh Leivo.
1:16 of 2nd period - Deflect By Colin McDonald.
1:16 of 2nd period - Shot Misses the Net.
1:16 of 2nd period - Puck is out of play.
1:17 of 2nd period - Brett Sutter wins face-off versus Lucas Wallmark in Seattle Thunderbirds zone.
1:22 of 2nd period - Snap shot by Devin Setoguchi.
1:22 of 2nd period - Shot Misses the Net.
1:24 of 2nd period - Snap shot by Yannick Weber.
1:24 of 2nd period - Stopped by Stephon Williams without a rebound.
1:25 of 2nd period - Brett Sutter wins face-off versus Lucas Wallmark in Binghampton Senators zone.
1:28 of 2nd period - Snap shot by Brett Sutter.
1:28 of 2nd period - Stopped by Stephon Williams with a rebound.
1:30 of 2nd period - Wrist shot by Sean Backman.
1:30 of 2nd period - Shot Misses the Net.
1:32 of 2nd period - Wrist shot by Devin Setoguchi.
1:32 of 2nd period - Shot Misses the Net.
1:34 of 2nd period - Slapshot by Brett Sutter.
1:34 of 2nd period - Shot Misses the Net.
1:36 of 2nd period - Slapshot by Joey LaLeggia.
1:36 of 2nd period - Deflect By Devin Setoguchi.
1:36 of 2nd period - Stopped by Stephon Williams with a rebound.
1:38 of 2nd period - Snap shot by Brett Sutter.
1:38 of 2nd period - Deflect By Devin Setoguchi.
1:38 of 2nd period - Shot Misses the Net.
1:38 of 2nd period - Puck is out of play.
1:39 of 2nd period - Brendan Leipsic wins face-off versus Bracken Kearns in Binghampton Senators zone.
1:44 of 2nd period - Jamie McBain is hit by Colin McDonald and loses puck.
2:09 of 2nd period - Wrist shot by Joel Eriksson Ek.
2:09 of 2nd period - Shot Misses the Net.
2:11 of 2nd period - Snap shot by Lucas Wallmark.
2:11 of 2nd period - Deflect By Joel Eriksson Ek.
2:11 of 2nd period - Shot Blocked by Devin Setoguchi.
2:11 of 2nd period - Puck is out of play.
2:12 of 2nd period - Lucas Wallmark wins face-off versus Brett Sutter in Seattle Thunderbirds zone.
2:33 of 2nd period - Minor Penalty to Ryan Graves for Hooking.
2:34 of 2nd period - Bracken Kearns wins face-off versus Brendan Leipsic in Binghampton Senators zone.
2:35 of 2nd period - Snap shot by Stefan Noesen.
2:35 of 2nd period - Shot Blocked by Haydn Fleury.
2:39 of 2nd period - Snap shot by Matej Stransky.
2:39 of 2nd period - Shot Blocked by Steve Oleksy.
2:41 of 2nd period - Slapshot by Stefan Noesen.
2:41 of 2nd period - Shot Misses the Net.
2:43 of 2nd period - Slapshot by Jamie McBain.
2:43 of 2nd period - Deflect By Stefan Noesen.
2:43 of 2nd period - Shot Misses the Net.
2:43 of 2nd period - Puck is out of play.
2:44 of 2nd period - Brendan Leipsic wins face-off versus Bracken Kearns in Binghampton Senators zone.
2:55 of 2nd period - Snap shot by Stefan Noesen.
2:55 of 2nd period - Stopped by Stephon Williams with a rebound.
2:57 of 2nd period - Snap shot by Matej Stransky.
2:57 of 2nd period - Goal by Matej Stransky - Seattle Thunderbirds : 3 - Binghampton Senators : 1.
2:58 of 2nd period - Brendan Leipsic wins face-off versus Stefan Noesen in neutral zone.
3:13 of 2nd period - Wrist shot by Stefan Noesen.
3:13 of 2nd period - Stopped by Stephon Williams with a rebound.
3:23 of 2nd period - Lucas Wallmark is hit by Brett Sutter and loses puck.
3:28 of 2nd period - Snap shot by Devin Setoguchi.
3:28 of 2nd period - Goal by Devin Setoguchi - Seattle Thunderbirds : 4 - Binghampton Senators : 1.
3:28 of 2nd period - Jon Gillies enters game.
3:29 of 2nd period - Brendan Leipsic wins face-off versus Bracken Kearns in neutral zone.
3:44 of 2nd period - Snap shot by Brendan Leipsic.
3:44 of 2nd period - Stopped by John Muse with a rebound.
4:03 of 2nd period - Snap shot by Lucas Wallmark.
4:03 of 2nd period - Shot Misses the Net.
4:17 of 2nd period - Wrist shot by Bracken Kearns.
4:17 of 2nd period - Deflect By Pat Cannone.
4:17 of 2nd period - Stopped by Jon Gillies without a rebound.
4:18 of 2nd period - Brendan Leipsic wins face-off versus Colin Smith in Binghampton Senators zone.
4:49 of 2nd period - Snap shot by Lucas Wallmark.
4:49 of 2nd period - Shot Blocked by Colin Smith.
4:51 of 2nd period - Wrist shot by Jared McCann.
4:51 of 2nd period - Stopped by John Muse without a rebound.
4:52 of 2nd period - Brendan Leipsic wins face-off versus Brett Sutter in Seattle Thunderbirds zone.
5:22 of 2nd period - Slapshot by Jared McCann.
5:22 of 2nd period - Stopped by John Muse without a rebound.
5:23 of 2nd period - Lucas Wallmark wins face-off versus Bracken Kearns in Seattle Thunderbirds zone.
5:24 of 2nd period - Snap shot by Jared McCann.
5:24 of 2nd period - Stopped by John Muse without a rebound.
5:25 of 2nd period - Brendan Leipsic wins face-off versus Stefan Noesen in Seattle Thunderbirds zone.
5:26 of 2nd period - Snap shot by Josh Leivo.
5:26 of 2nd period - Stopped by John Muse with a rebound.
5:50 of 2nd period - Brett Sutter is hit by Lucas Wallmark and loses puck.
5:56 of 2nd period - Minor Penalty to Sean Backman for Interference.
5:57 of 2nd period - Matej Stransky wins face-off versus Brendan Leipsic in Seattle Thunderbirds zone.
6:34 of 2nd period - Wrist shot by Jared McCann.
6:34 of 2nd period - Shot Misses the Net.
6:58 of 2nd period - Slapshot by Devin Setoguchi.
6:58 of 2nd period - Shot Blocked by Colin McDonald.
7:24 of 2nd period - Jamie McBain is hit by Ryan Graves and loses puck.
7:56 of 2nd period - Penalty to Sean Backman is over, Sean Backman is back on ice.
8:11 of 2nd period - Wrist shot by Anthony Greco.
8:11 of 2nd period - Stopped by John Muse with a rebound.
8:13 of 2nd period - Snap shot by Anthony Greco.
8:13 of 2nd period - Shot Misses the Net.
8:15 of 2nd period - Slapshot by Justin Kirkland.
8:15 of 2nd period - Stopped by John Muse without a rebound.
8:16 of 2nd period - Drew Shore wins face-off versus Colin Smith in Seattle Thunderbirds zone.
8:19 of 2nd period - Snap shot by Drew Shore.
8:19 of 2nd period - Stopped by John Muse with a rebound.
8:37 of 2nd period - Snap shot by Roman Lyubimov.
8:37 of 2nd period - Shot Misses the Net.
8:39 of 2nd period - Slapshot by Yannick Weber.
8:39 of 2nd period - Shot Misses the Net.
8:41 of 2nd period - Snap shot by T.J. Tynan.
8:41 of 2nd period - Stopped by Jon Gillies without a rebound.
8:42 of 2nd period - Brendan Leipsic wins face-off versus Brett Sutter in Binghampton Senators zone.
10:23 of 2nd period - Wrist shot by Bracken Kearns.
10:23 of 2nd period - Deflect By Stefan Noesen.
10:23 of 2nd period - Stopped by Jon Gillies without a rebound.
10:24 of 2nd period - Brett Sutter wins face-off versus Lucas Wallmark in Binghampton Senators zone.
10:25 of 2nd period - Slapshot by Devin Setoguchi.
10:25 of 2nd period - Stopped by Jon Gillies without a rebound.
10:26 of 2nd period - Lucas Wallmark wins face-off versus Brett Sutter in Binghampton Senators zone.
10:26 of 2nd period - Lucas Wallmark is hit by Andrew Campbell.
10:40 of 2nd period - Sean Backman is hit by Joel Eriksson Ek and loses puck.
11:14 of 2nd period - Matej Stransky is hit by Jared McCann and loses puck.
11:48 of 2nd period - Off-side.
11:49 of 2nd period - Drew Shore wins face-off versus Colin Smith in neutral zone.
11:56 of 2nd period - Snap shot by Drew Shore.
11:56 of 2nd period - Shot Misses the Net.
12:10 of 2nd period - Wrist shot by Steve Oleksy.
12:10 of 2nd period - Shot Blocked by Matt Tennyson.
12:12 of 2nd period - Minor Penalty to Jacob MacDonald for Hooking.
12:13 of 2nd period - Brendan Leipsic wins face-off versus Bracken Kearns in Seattle Thunderbirds zone.
13:04 of 2nd period - Joel Eriksson Ek is hit by Joey LaLeggia and loses puck.
14:02 of 2nd period - Wrist shot by Joel Eriksson Ek.
14:02 of 2nd period - Goal by Joel Eriksson Ek - Seattle Thunderbirds : 4 - Binghampton Senators : 2.
14:03 of 2nd period - Brendan Leipsic wins face-off versus Bracken Kearns in neutral zone.
14:08 of 2nd period - Snap shot by Josh Leivo.
14:08 of 2nd period - Shot Misses the Net.
14:15 of 2nd period - Off-side.
14:16 of 2nd period - Bracken Kearns wins face-off versus Josh Leivo in neutral zone.
14:19 of 2nd period - Wrist shot by Matej Stransky.
14:19 of 2nd period - Stopped by Jon Gillies with a rebound.
14:21 of 2nd period - Snap shot by Andrew Campbell.
14:21 of 2nd period - Deflect By Brendan Leipsic.
14:21 of 2nd period - Stopped by Jon Gillies with a rebound.
14:48 of 2nd period - Wrist shot by Sean Backman.
14:48 of 2nd period - Deflect By Drew Shore.
14:48 of 2nd period - Shot Blocked by Erik Gustafsson.
14:48 of 2nd period - Puck is out of play.
14:49 of 2nd period - Drew Shore wins face-off versus Stefan Noesen in Binghampton Senators zone.
14:58 of 2nd period - Snap shot by Stefan Noesen.
14:58 of 2nd period - Goal by Stefan Noesen - Seattle Thunderbirds : 5 - Binghampton Senators : 2.
14:59 of 2nd period - Bracken Kearns wins face-off versus Brendan Leipsic in neutral zone.
15:04 of 2nd period - Wrist shot by Stefan Noesen.
15:04 of 2nd period - Deflect By Matej Stransky.
15:04 of 2nd period - Stopped by Jon Gillies with a rebound.
15:31 of 2nd period - Snap shot by Devin Setoguchi.
15:31 of 2nd period - Deflect By Brett Sutter.
15:31 of 2nd period - Goal by Brett Sutter - Seattle Thunderbirds : 6 - Binghampton Senators : 2.
15:32 of 2nd period - Brendan Leipsic wins face-off versus Matej Stransky in neutral zone.
15:47 of 2nd period - Wrist shot by Matej Stransky.
15:47 of 2nd period - Deflect By Josh Leivo.
15:47 of 2nd period - Shot Misses the Net.
15:47 of 2nd period - Puck is out of play.
15:48 of 2nd period - Lucas Wallmark wins face-off versus Bracken Kearns in Binghampton Senators zone.
15:55 of 2nd period - Andrew Campbell is hit by Jared McCann and loses puck.
16:14 of 2nd period - Devin Setoguchi is hit by Josh Leivo and loses puck.
16:22 of 2nd period - Minor Penalty to Andrew Campbell for Tripping.
16:23 of 2nd period - Brendan Leipsic wins face-off versus Bracken Kearns in Seattle Thunderbirds zone.
16:23 of 2nd period - Snap shot by Josh Leivo.
16:23 of 2nd period - Shot Misses the Net.
16:27 of 2nd period - Snap shot by Colin McDonald.
16:27 of 2nd period - Goal by Colin McDonald - Seattle Thunderbirds : 6 - Binghampton Senators : 3.
16:28 of 2nd period - Brendan Leipsic wins face-off versus Bracken Kearns in neutral zone.
16:33 of 2nd period - Wrist shot by Brendan Leipsic.
16:33 of 2nd period - Shot Misses the Net.
16:35 of 2nd period - Wrist shot by Josh Leivo.
16:35 of 2nd period - Shot Misses the Net.
16:37 of 2nd period - Snap shot by Brendan Leipsic.
16:37 of 2nd period - Shot Misses the Net.
16:39 of 2nd period - Backhand shot by Steve Oleksy.
16:39 of 2nd period - Stopped by John Muse without a rebound.
16:40 of 2nd period - Matej Stransky wins face-off versus Brendan Leipsic in Seattle Thunderbirds zone.
17:31 of 2nd period - Steve Oleksy is hit by Yannick Weber and loses puck.
17:44 of 2nd period - Snap shot by Joel Eriksson Ek.
17:44 of 2nd period - Stopped by John Muse with a rebound.
17:46 of 2nd period - Snap shot by Joel Eriksson Ek.
17:46 of 2nd period - Stopped by John Muse with a rebound.
17:48 of 2nd period - Slapshot by Joel Eriksson Ek.
17:48 of 2nd period - Stopped by John Muse with a rebound.
18:00 of 2nd period - Wrist shot by Jared McCann.
18:00 of 2nd period - Stopped by John Muse with a rebound.
18:02 of 2nd period - Snap shot by Lucas Wallmark.
18:02 of 2nd period - Stopped by John Muse with a rebound.
18:16 of 2nd period - Wrist shot by Lucas Wallmark.
18:16 of 2nd period - Stopped by John Muse with a rebound.
18:18 of 2nd period - Slapshot by Trevor Carrick.
18:18 of 2nd period - Deflect By Lucas Wallmark.
18:18 of 2nd period - Stopped by John Muse with a rebound.
18:20 of 2nd period - Snap shot by Lucas Wallmark.
18:20 of 2nd period - Shot Misses the Net.
18:40 of 2nd period - Joel Eriksson Ek is hit by Bracken Kearns.
19:00 of 2nd period - Wrist shot by Bracken Kearns.
19:00 of 2nd period - Deflect By Jared McCann.
19:00 of 2nd period - Stopped by Jon Gillies with a rebound.
19:02 of 2nd period - Snap shot by Pat Cannone.
19:02 of 2nd period - Stopped by Jon Gillies without a rebound.
19:03 of 2nd period - Brendan Leipsic wins face-off versus Brett Sutter in Binghampton Senators zone.
19:35 of 2nd period - Wrist shot by T.J. Tynan.
19:35 of 2nd period - Goal by T.J. Tynan - Seattle Thunderbirds : 7 - Binghampton Senators : 3.
19:36 of 2nd period - Brett Sutter wins face-off versus Brendan Leipsic in neutral zone.
19:36 of 2nd period - Haydn Fleury and Sean Backman fight to a draw.
19:36 of 2nd period - Penalty to Haydn Fleury for Fighting.
19:36 of 2nd period - Penalty to Sean Backman for Fighting.
19:37 of 2nd period - Brendan Leipsic wins face-off versus Bracken Kearns in neutral zone.
19:39 of 2nd period - Off-side.
19:40 of 2nd period - Bracken Kearns wins face-off versus Brendan Leipsic in neutral zone.
19:43 of 2nd period - Colin McDonald is hit by Jamie McBain and loses puck.
Goals for this period are 6 for Seattle Thunderbirds vs 3 for Binghampton Senators.
Shots for this period are 25 for Seattle Thunderbirds vs 21 for Binghampton Senators.

3rd period


0:01 of 3rd period - Brendan Leipsic wins face-off versus Bracken Kearns in neutral zone.
0:22 of 3rd period - Brett Sutter beats up Jordan Schmaltz.
0:22 of 3rd period - Penalty to Jordan Schmaltz for Fighting.
0:22 of 3rd period - Penalty to Brett Sutter for Fighting.
0:22 of 3rd period - Penalty to Brett Sutter for instigated a fight.
0:22 of 3rd period - Penalty to Brett Sutter for instigated a fight.
0:23 of 3rd period - Brendan Leipsic wins face-off versus Bracken Kearns in neutral zone.
0:36 of 3rd period - Bracken Kearns is hit by Brendan Leipsic and loses puck.
1:47 of 3rd period - Brendan Leipsic is hit by Yannick Weber and loses puck.
2:22 of 3rd period - Penalty to Brett Sutter is over, T.J. Tynan is send on ice.
2:32 of 3rd period - Snap shot by Drew Shore.
2:32 of 3rd period - Stopped by John Muse without a rebound.
2:33 of 3rd period - Drew Shore wins face-off versus Colin Smith in Seattle Thunderbirds zone.
2:44 of 3rd period - Slapshot by Devin Setoguchi.
2:44 of 3rd period - Shot Misses the Net.
2:46 of 3rd period - Snap shot by Rourke Chartier.
2:46 of 3rd period - Stopped by Jon Gillies with a rebound.
3:13 of 3rd period - Andrew Campbell is hit by Steve Oleksy and loses puck.
3:40 of 3rd period - Snap shot by Devin Setoguchi.
3:40 of 3rd period - Shot Blocked by Ryan Graves.
3:51 of 3rd period - Off-side.
3:52 of 3rd period - Roman Lyubimov wins face-off versus Drew Shore in neutral zone.
4:17 of 3rd period - Trevor Carrick is hit by Pat Cannone.
4:36 of 3rd period - Joey LaLeggia is hit by Erik Gustafsson and loses puck.
4:48 of 3rd period - Yannick Weber is hit by Josh Leivo and loses puck.
7:55 of 3rd period - Snap shot by Lucas Wallmark.
7:55 of 3rd period - Stopped by John Muse without a rebound.
7:56 of 3rd period - Lucas Wallmark wins face-off versus Bracken Kearns in Seattle Thunderbirds zone.
8:19 of 3rd period - Minor Penalty to Yannick Weber for Hooking.
8:20 of 3rd period - Brendan Leipsic wins face-off versus Bracken Kearns in Seattle Thunderbirds zone.
8:22 of 3rd period - Snap shot by Brendan Leipsic.
8:22 of 3rd period - Deflect By Josh Leivo.
8:22 of 3rd period - Stopped by John Muse with a rebound.
8:24 of 3rd period - Slapshot by Colin McDonald.
8:24 of 3rd period - Goal by Colin McDonald - Seattle Thunderbirds : 7 - Binghampton Senators : 4.
8:25 of 3rd period - Bracken Kearns wins face-off versus Brendan Leipsic in neutral zone.
8:33 of 3rd period - Backhand shot by Bracken Kearns.
8:33 of 3rd period - Shot Misses the Net.
8:35 of 3rd period - Slapshot by Bracken Kearns.
8:35 of 3rd period - Shot Blocked by Erik Gustafsson.
9:15 of 3rd period - Snap shot by Brendan Leipsic.
9:15 of 3rd period - Stopped by John Muse without a rebound.
9:16 of 3rd period - Lucas Wallmark wins face-off versus Colin Smith in Seattle Thunderbirds zone.
9:27 of 3rd period - Snap shot by Lucas Wallmark.
9:27 of 3rd period - Shot Blocked by Andrew Campbell.
9:31 of 3rd period - Wrist shot by Lucas Wallmark.
9:31 of 3rd period - Shot Misses the Net.
9:51 of 3rd period - Wrist shot by Rourke Chartier.
9:51 of 3rd period - Shot Blocked by Haydn Fleury.
10:05 of 3rd period - Snap shot by Brendan Leipsic.
10:05 of 3rd period - Stopped by John Muse with a rebound.
11:56 of 3rd period - Snap shot by Jamie McBain.
11:56 of 3rd period - Shot Blocked by Steve Oleksy.
11:58 of 3rd period - Slapshot by Andrew Campbell.
11:58 of 3rd period - Shot Blocked by Steve Oleksy.
12:59 of 3rd period - Snap shot by Sam Carrick.
12:59 of 3rd period - Shot Misses the Net.
13:34 of 3rd period - Minor Penalty to David Musil for Hooking.
13:35 of 3rd period - Bracken Kearns wins face-off versus Brendan Leipsic in Seattle Thunderbirds zone.
13:35 of 3rd period - Bracken Kearns is hit by Colin McDonald.
13:45 of 3rd period - Matej Stransky is hit by Josh Leivo and loses puck.
15:22 of 3rd period - 10 Minutes Misconduct Penalty to Brett Sutter is over.
15:34 of 3rd period - Penalty to David Musil is over, David Musil is back on ice.
15:44 of 3rd period - Slapshot by Steve Oleksy.
15:44 of 3rd period - Stopped by John Muse without a rebound.
15:45 of 3rd period - Brett Sutter wins face-off versus Drew Shore in Seattle Thunderbirds zone.
15:45 of 3rd period - Brett Sutter is hit by Justin Kirkland.
16:01 of 3rd period - Snap shot by Drew Shore.
16:01 of 3rd period - Shot Misses the Net.
16:29 of 3rd period - Snap shot by Drew Shore.
16:29 of 3rd period - Shot Misses the Net.
16:37 of 3rd period - Slapshot by Drew Shore.
16:37 of 3rd period - Stopped by John Muse with a rebound.
16:39 of 3rd period - Snap shot by Anthony Greco.
16:39 of 3rd period - Shot Blocked by Vincent LoVerde.
16:51 of 3rd period - Snap shot by Drew Shore.
16:51 of 3rd period - Stopped by John Muse with a rebound.
16:53 of 3rd period - Slapshot by Ryan Graves.
16:53 of 3rd period - Stopped by John Muse with a rebound.
17:01 of 3rd period - Erik Gustafsson is hit by Brett Sutter and loses puck.
17:29 of 3rd period - Wrist shot by Drew Shore.
17:29 of 3rd period - Stopped by John Muse with a rebound.
17:31 of 3rd period - Snap shot by Drew Shore.
17:31 of 3rd period - Shot Misses the Net.
17:33 of 3rd period - Slapshot by Ryan Graves.
17:33 of 3rd period - Deflect By Justin Kirkland.
17:33 of 3rd period - Stopped by John Muse without a rebound.
17:34 of 3rd period - Colin McDonald wins face-off versus Bracken Kearns in Seattle Thunderbirds zone.
17:39 of 3rd period - Snap shot by Brendan Leipsic.
17:39 of 3rd period - Deflect By Josh Leivo.
17:39 of 3rd period - Shot Hit the Post.
17:39 of 3rd period - Puck is out of play.
17:40 of 3rd period - Bracken Kearns wins face-off versus Brendan Leipsic in Seattle Thunderbirds zone.
18:37 of 3rd period - Snap shot by Brendan Leipsic.
18:37 of 3rd period - Stopped by John Muse with a rebound.
18:39 of 3rd period - Slapshot by Brendan Leipsic.
18:39 of 3rd period - Stopped by John Muse with a rebound.
18:41 of 3rd period - Slapshot by Haydn Fleury.
18:41 of 3rd period - Stopped by John Muse with a rebound.
18:43 of 3rd period - Slapshot by Steve Oleksy.
18:43 of 3rd period - Stopped by John Muse without a rebound.
18:44 of 3rd period - Bracken Kearns wins face-off versus Brendan Leipsic in Seattle Thunderbirds zone.
18:55 of 3rd period - Snap shot by Josh Leivo.
18:55 of 3rd period - Shot Hit the Post.
18:57 of 3rd period - Wrist shot by Trevor Carrick.
18:57 of 3rd period - Stopped by John Muse with a rebound.
19:11 of 3rd period - Wrist shot by Jared McCann.
19:11 of 3rd period - Shot Misses the Net.
19:13 of 3rd period - Slapshot by Erik Gustafsson.
19:13 of 3rd period - Shot Blocked by Roman Lyubimov.
19:15 of 3rd period - Snap shot by Lucas Wallmark.
19:15 of 3rd period - Deflect By Joel Eriksson Ek.
19:15 of 3rd period - Shot Misses the Net.
19:15 of 3rd period - Puck is out of play.
19:16 of 3rd period - Brendan Leipsic wins face-off versus Roman Lyubimov in Seattle Thunderbirds zone.
Goals for this period are 0 for Seattle Thunderbirds vs 1 for Binghampton Senators.
Shots for this period are 1 for Seattle Thunderbirds vs 17 for Binghampton Senators.